 Dungeon Crawl Stone Soup version 0.31-a0-876-gfe8ebadbca (webtiles) character file.

Game seed: 3546624642779604326

62 Gladio the Slasher (level 4, -5/34 HPs)
             Began as a Merfolk Gladiator on Oct 14, 2023.
             Slain by a cerulean imp
             ... wielding a +2 spear
             ... summoned by Natasha
              (6 damage)
             ... on level 1 of the Dungeon.
             The game lasted 00:01:42 (743 turns).

Gladio the Slasher (Merfolk Gladiator)               Turns: 743, Time: 00:01:44

Health: -5/34      AC:  6    Str: 14    XL:     4   Next: 8%
Magic:  4/4        EV: 12    Int:  7    God:
Gold:   26         SH:  4    Dex: 17    Spells: 3/3 levels left

rFire   . . .        a - +0 long sword
rCold   . . .        n - +0 buckler
rNeg    . . .        j - +0 ring mail
rPois   .            c - +0 helmet
rElec   .            (no cloak)
rCorr   .            (no gloves)
SInv    .            (no boots)
Will    .....        (no amulet)
Stlth   +            (no ring)
HPRegen 0.25/turn    (no ring)
MPRegen 0.09/turn

%: no passive effects
@: no status effects
A: (nimble swimmer 2), mertail
a: no special abilities


You were on level 1 of the Dungeon.
You visited 1 branch of the dungeon, and saw 2 of its levels.

You collected 26 gold pieces.

Inventory:

Hand Weapons
 a - a +0 long sword (weapon)
Missiles
 d - 2 throwing nets
 e - a javelin
 m - a poisoned dart (quivered)
Armour
 b - a +0 leather armour
 c - a +0 helmet (worn)
 j - a +0 ring mail (worn)
 n - a +0 buckler (worn)
Scrolls
 f - a scroll of vulnerability {unknown}
 g - a scroll of torment {unknown}
 h - a scroll of teleportation {unknown}
 i - 2 scrolls of identify {unknown}
 k - a scroll of revelation {unknown}
 l - 2 scrolls of enchant armour {unknown}


   Skills:
 + Level 2.9 Fighting
 * Level 4.8 Long Blades
 - Level 2.0 Throwing
 + Level 4.7 Dodging


You had 3 spell levels left.
You didn't know any spells.
Your spell library contained the following spells:

 Spells                   Type           Power      Damage    Failure   Level
 Freeze                   Ice            0%         1d3       80%         1
 Frozen Ramparts          Ice            0%         1d1       99%         3
 Hailstorm                Conj/Ice       0%         3d3       99%         3


Dungeon Overview and Level Annotations

Branches:
Dungeon (2/15)

Altars:

Annotations:
D:1 Natasha


Innate Abilities, Weirdness & Mutations

((You are very nimble when in or above water. (Stealth+, EV+, Speed+++)))
Your lower body shifts to a powerful aquatic tail in water.


Message History

Natasha hisses angrily.
You throw a poisoned dart.
The poisoned dart closely misses Natasha.
Natasha casts a spell at you. The magic dart hits you.
You throw a poisoned dart.
The poisoned dart closely misses Natasha.
Natasha casts a spell at you. The magic dart hits you.
You throw a poisoned dart. The poisoned dart hits Natasha.
Natasha is poisoned.
You throw a poisoned dart. The poisoned dart hits Natasha.
Natasha looks even sicker.
Natasha is lightly wounded.
Natasha mumbles some strange words.
You throw a poisoned dart.
The poisoned dart closely misses the cerulean imp.
Natasha casts a spell.
You throw a poisoned dart.
The poisoned dart misses the cerulean imp.
The cerulean imp hits you from afar with a +2 spear.
The cerulean imp hits you but does no damage.
Natasha zaps a wand.
The puff of flame hits you.
The cerulean imp hits you but does no damage.
Natasha stares at you and mumbles some strange words.
The magic dart hits you.
The cerulean imp hits you with a +2 spear.
You block the cerulean imp's attack.
You hit Natasha but do no damage.
Natasha is severely wounded.
Natasha zaps a wand.
The puff of flame hits you!
* * * LOW HITPOINT WARNING * * *
The cerulean imp hits you with a +2 spear.
* * * LOW HITPOINT WARNING * * *
The cerulean imp hits you from afar with a +2 spear.
* * * LOW HITPOINT WARNING * * *
Natasha mumbles some strange words.
Natasha shimmers violently.
Natasha claws you but does no damage.
The cerulean imp hits you with a +2 spear.
You die...

##.......##.#######.###.......##
#.......##......##.##.........#
#..............(.#.##.........#
##....#.........(...#.........#
####†...#.........(..........)..#
.......##........(..#...........#
....##..#.......................#
..............5.h5.####..(......#
.....##.#.......@.## #.........#
####..#.#.........# #.........#
##...#.........# #...)......
##....####...#### ##.......##
##.#...........# ##........
#..#.....####.# ###.#####.
##.#.##..# #.## #...# #.
#.#.##..# #..# #.### #. #.#.##..#
##.###.## #.


You could see Natasha (poisoned) and 2 cerulean imps.

Vanquished Creatures
  Natasha (twice) (D:2 D:1)
  3 orcs (D:2)
  A giant cockroach (D:1)
  2 goblins (D:1)
  A hobgoblin (D:2)
  A quokka (D:1)
  A bat (D:1)
  2 rats (D:1)
13 creatures vanquished.

Notes
Turn   | Place    | Note
-------+----------+-------------------------------------------
     0 | D:1      | Gladio the Merfolk Gladiator began the quest for the Orb.
     0 | D:1      | Reached XP level 1. HP: 16/16 MP: 1/1
   216 | D:1      | Reached XP level 2. HP: 23/23 MP: 2/2
   524 | D:2      | Noticed Natasha
   530 | D:2      | Killed Natasha
   531 | D:2      | Reached XP level 3. HP: 22/28 MP: 3/3
   561 | D:2      | Noticed Natasha
   578 | D:1      | Killed Natasha
   579 | D:1      | Reached XP level 4. HP: 18/34 MP: 4/4
   732 | D:1      | Noticed Natasha
   743 | D:1      | HP: 1/34 [cerulean imp/+2 spear[Natasha] (2)]
   743 | D:1      | Slain by a cerulean imp

Illustrated notes

Levels and vault maps discovered:
D:1:      wander_arrival_fairy_ring, layout_rooms, serial_park_tiny_1
D:2:      layout_loops_corners, minmay_domino_4, uniq_natasha

Skill      XL: |  1  2 |
---------------+-------+-----
Long Blades    | 4 |  4.8
Fighting       | |  2.9
Throwing       | |  2.0
Dodging        | |  4.7

Action                     |  1- 3 |  4- 6 || total
---------------------------+-------+-------++-------
  Melee: Long sword        |    50 |     1 ||    51
         Punch             |     1 |       ||     1
  Throw: Throwing net      |     3 |       ||     3
         Dart              |       |     6 ||     6
   Stab: Held in net/web   |     1 |       ||     1
 Armour: Leather armour    |     7 |       ||     7
         Ring mail         |    29 |    13 ||    42
  Dodge: Dodged            |    28 |       ||    28
  Block: Buckler           |     6 |     1 ||     7

Table legend: (Time is in decaauts)
 A = Elapsed time spent in this place.
 B = Non-inter-level travel time spent in this place.
 C = Inter-level travel time spent in this place.
 D = Time resting spent in this place.
 E = Time spent auto-exploring this place.
 F = Levels seen in this place.
 G = Mean time per level.
                   A        B        C        D        E       F      G
               +--------+--------+--------+--------+--------+-----+--------+
         Total |    766 |    623 |    143 |      0 |    450 |   2 |  383.0 |
       Dungeon |    766 |    623 |    143 |      0 |    450 |   2 |  383.0 |
               +--------+--------+--------+--------+--------+-----+--------+

Top non-repeatable levels by time:
     D:1: 558 daAuts
     D:2: 208 daAuts
